Little Stars vs Punishers
Created - October 25, 2019 at 19:24
Goals
|
| Little Stars |
1 |
0 |
6 |
7 |
| Punishers |
2 |
1 |
2 |
5 |
|
Shots
|
| Little Stars |
15 |
17 |
11 |
43 |
| Punishers |
12 |
8 |
11 |
31 |
|
1st period
1. Punishers , Miikka Salomaki 2 (Zack Hamill 2) at 1:30 (PP)
2. Little Stars , Sebastian Wannstrom 1 (Daniel O'regan 2, Michael Mersch 1) at 17:10
3. Punishers , Robbie Earl 3 (Andreas Athanasiou 1) at 19:06
Penalties :
Jesse Joensuu (Tex) for High sticking (Minor) at 1:25
2nd period
4. Punishers , Robbie Earl 4 (Carter Ashton 1) at 1:48
Penalties :
Michael Joly (Pro) for Holding (Minor) at 3:39, Scott Kosmachuck (Tex) for Elbowing (Minor) at 13:19
3rd period
5. Little Stars , Daniel O'regan 2 (Andrej Sustr 1) at 4:31
6. Little Stars , Michael Mersch 1 (Tyler Wotherspoon 2, Andrej Sustr 2) at 5:35
7. Little Stars , Dana Tyrell 1 (Tyler Wotherspoon 3, Andrej Sustr 3) at 6:35
8. Punishers , Carter Ashton 1 (Tyler Bertuzzi 1, Zack Hamill 3) at 7:58 (PP)
9. Little Stars , Eric Knodel 2 (Jason Dickinson 1, Justin Auger 1) at 9:15
10. Punishers , Radek Faksa 1 (Garret Ross 1) at 12:48
11. Little Stars , Michael Mersch 2 (Andrej Sustr 4) at 16:57
12. Little Stars , Scott Kosmachuck 1 (Jesse Joensuu 1, Evgeny Kuznetsov 3) at 17:21
Penalties :
Eric Knodel (Tex) for Holding (Minor) at 6:54
Goalie Stats
Matt Murray (Tex), 26 saves from 31 shots - (0.839), W, 1-2-0, 60:00 minutes
Louis Domingue (Pro), 36 saves from 43 shots - (0.837), L, 1-1-0, 60:00 minutes
Players Stats for Little Stars
Player Name G A P +/- PIM S H SB GA TA FO MP PP MP PK MP
------------------------------------------------------------------------------------
Adam Tambellini 0 0 0 0 0 1 2 0 0 0 0/0 17:11 1:11 0:00
Andrej Sustr 0 4 4 3 0 4 4 1 2 0 0/0 26:35 1:08 2:04
Anton Cederholm 0 0 0 0 0 0 2 0 0 2 0/0 14:10 0:00 0:00
Dana Tyrell 1 0 1 0 0 4 0 1 0 0 9/17 19:07 1:11 1:55
Daniel O'regan 1 1 2 3 0 5 1 0 0 0 3/6 12:36 0:00 0:28
Emile Poirier 0 0 0 1 0 1 0 0 0 0 0/0 7:42 0:00 0:00
Eric Knodel 1 0 1 1 2 2 2 0 1 1 0/0 18:58 0:51 0:48
Evgeny Kuznetsov 0 1 1 0 0 2 1 0 1 0 20/39 21:46 0:48 1:55
Jason Dickinson 0 1 1 1 0 3 1 2 1 0 0/1 7:42 0:00 0:00
Jesse Joensuu 0 1 1 0 2 6 3 0 3 0 1/1 20:30 0:48 0:40
Justin Auger 0 1 1 1 0 1 0 0 0 0 0/0 7:42 0:00 0:00
Michael Mersch 2 1 3 3 0 4 0 1 1 0 0/0 12:44 0:00 0:33
Patrick Wiercioch 0 0 0 1 0 1 1 0 1 1 0/0 19:15 0:51 1:04
Reece Willcox 0 0 0 0 0 0 0 0 0 0 0/0 14:26 0:00 0:16
Scott Kosmachuck 1 0 1 0 2 4 2 0 1 1 1/3 20:02 0:48 0:12
Sebastian Wannstrom 1 0 1 3 0 1 1 0 0 0 0/0 12:40 0:00 0:33
Tyler Wotherspoon 0 2 2 3 0 2 0 2 0 4 0/0 26:35 1:08 2:04
Zach Budish 0 0 0 0 0 2 4 0 0 0 0/0 17:08 1:11 0:00
Players Stats for Punishers
Player Name G A P +/- PIM S H SB GA TA FO MP PP MP PK MP
------------------------------------------------------------------------------------
Adam Pelech 0 0 0 -2 0 2 2 1 3 2 0/0 24:13 2:01 0:28
Andreas Athanasiou 0 1 1 0 0 4 0 0 0 0 4/10 17:37 1:25 0:32
Austen Brassard 0 0 0 -3 0 0 1 0 0 1 0/0 12:16 0:00 0:00
Ben Betker 0 0 0 0 0 0 0 0 0 0 0/0 13:14 0:00 0:00
Carter Ashton 1 1 2 0 0 2 1 1 0 0 0/1 17:05 1:25 0:00
Dylan DeMelo 0 0 0 0 0 1 0 0 0 0 0/0 13:26 0:00 0:00
Garret Ross 0 1 1 0 0 1 1 0 0 0 0/0 8:08 0:00 0:17
John Quenneville 0 0 0 -3 0 1 1 0 0 0 5/9 12:16 0:00 0:00
Jordan Schmaltz 0 0 0 -1 0 0 1 1 0 1 0/0 19:15 1:07 1:31
Madison Bowey 0 0 0 -3 0 0 3 2 0 3 0/0 27:36 1:07 1:31
Michael Joly 0 0 0 0 2 0 0 0 0 1 0/0 8:06 0:00 0:00
Miikka Salomaki 1 0 1 -1 0 5 0 1 4 1 1/1 21:05 1:43 0:32
Nikita Gusev 0 0 0 -3 0 2 1 0 0 0 0/1 12:49 0:00 0:17
Radek Faksa 1 0 1 0 0 1 0 0 0 0 0/0 8:07 0:00 0:00
Robbie Earl 2 0 2 0 0 5 2 0 0 0 1/1 18:38 1:43 1:10
Slava Voynov 0 0 0 -2 0 4 3 1 1 1 0/0 22:16 2:01 0:28
Tyler Bertuzzi 0 1 1 -1 0 1 2 1 1 1 0/2 20:10 1:25 0:00
Zack Hamill 0 2 2 -1 0 2 1 1 0 0 22/42 21:43 1:43 1:10
3 Stars
1 - Andrej Sustr (Tex)
2 - Michael Mersch (Tex)
3 - Daniel O'regan (Tex)
Power Play
Little Stars - 0 on 1 Attempt(s) - 0.00%
Punishers - 2 on 3 Attempt(s) - 66.67%
Penalty Kill
Little Stars - 1 on 3 Attempt(s) - 33.33%
- Score 0 goal in Penalty Kill
Punishers - 1 on 1 Attempt(s) - 100.00%
- Score 0 goal in Penalty Kill
Team Stat
Little Stars - Hits : 24 - Faceoff Wins : 34 - Blocked Shots : 7 - Penalty Minutes : 6
Punishers - Hits : 19 - Faceoff Wins : 33 - Blocked Shots : 9 - Penalty Minutes : 2
Official
Referees : Unknown
Linesman : Unknown
Game Notes
No Game Note
Finance
Level 1 -- Attendance: 1351 (67.55%) -- Ticket Income $54,040
Level 2 -- Attendance: 673 (67.30%) -- Ticket Income $13,460
Total Attendance: 2024 (67.47%)
Total Ticket Income: $67,500
Other Income: $3,375
Total Income: $70,875
Little Stars
5 vs 5 Forward
Center Left Wing Right Wing Time % Phy DF OF
1 Evgeny Kuznetsov Jesse Joensuu Scott Kosmachuck 40 1 2 2
2 Dana Tyrell Adam Tambellini Zach Budish 30 1 2 2
3 Daniel O'regan Michael Mersch Sebastian Wannstrom 20 1 2 2
4 Jason Dickinson Emile Poirier Justin Auger 10 1 2 2
5 vs 5 Defense
Defense Defense Time % Phy DF OF
1 Andrej Sustr Tyler Wotherspoon 40 1 2 2
2 Patrick Wiercioch Eric Knodel 30 1 2 2
3 Anton Cederholm Reece Willcox 20 1 2 2
4 Andrej Sustr Tyler Wotherspoon 10 1 2 2
PowerPlay Forward
Center Left Wing Right Wing Time % Phy DF OF
1 Evgeny Kuznetsov Jesse Joensuu Scott Kosmachuck 60 0 2 3
2 Dana Tyrell Adam Tambellini Zach Budish 40 0 2 3
PowerPlay Defense
Defense Defense Time % Phy DF OF
1 Andrej Sustr Tyler Wotherspoon 60 0 2 3
2 Patrick Wiercioch Eric Knodel 40 0 2 3
Penalty Kill 4 Players Forward
Center Wing Time % Phy DF OF
1 Evgeny Kuznetsov Dana Tyrell 60 0 3 2
2 Jesse Joensuu Scott Kosmachuck 40 0 3 2
Penalty Kill 4 Players Defense
Defense Defense Time % Phy DF OF
1 Andrej Sustr Tyler Wotherspoon 60 0 3 2
2 Patrick Wiercioch Eric Knodel 40 0 3 2
Penalty Kill - 3 Players Forward
Forward Time % Phy DF OF
1 Evgeny Kuznetsov 60 0 3 2
2 Dana Tyrell 40 0 3 2
Penalty Kill - 3 Players Defense
Defense Defense Time % Phy DF OF
1 Andrej Sustr Tyler Wotherspoon 60 0 3 2
2 Patrick Wiercioch Eric Knodel 40 0 3 2
4 vs 4 Forward
Center Wing Time % Phy DF OF
1 Evgeny Kuznetsov Dana Tyrell 60 1 2 2
2 Jesse Joensuu Scott Kosmachuck 40 1 2 2
4 vs 4 Defense
Defense Defense Time % Phy DF OF
1 Andrej Sustr Tyler Wotherspoon 60 1 2 2
2 Patrick Wiercioch Eric Knodel 40 1 2 2
Last Minutes Offensive
Center Left Wing Right Wing Defense Defense
Evgeny Kuznetsov Jesse Joensuu Scott Kosmachuck Andrej Sustr Tyler Wotherspoon
Last Minutes Defensive
Center Left Wing Right Wing Defense Defense
Evgeny Kuznetsov Jesse Joensuu Scott Kosmachuck Andrej Sustr Tyler Wotherspoon
Goaltenders
Starting : Matt Murray
Backup : Peter Delmas
Extra Forwards
Normal : Michael Mersch, Daniel O'regan, Sebastian Wannstrom - PP : Michael Mersch, Daniel O'regan - PK : Sebastian Wannstrom
Extra Defensemen
Normal : Anton Cederholm, Reece Willcox, Patrick Wiercioch - PP : Anton Cederholm - PK : Reece Willcox, Patrick Wiercioch
Penalty Shots
Evgeny Kuznetsov, Dana Tyrell, Jesse Joensuu, Scott Kosmachuck, Adam Tambellini
Scratches
Ville Pokka (Healthy), Daniil Tarasov (Healthy), Tucker Poolman (Healthy), Shane Gersich (Healthy), Radel Fazleev (Healthy)
Julien Nantel (Healthy), Connor Knapp (Healthy), Spencer Martin (Healthy)
Punishers
5 vs 5 Forward
Center Left Wing Right Wing Time % Phy DF OF
1 Zack Hamill Tyler Bertuzzi Miikka Salomaki 40 0 2 3
2 Andreas Athanasiou Robbie Earl Carter Ashton 30 1 2 2
3 John Quenneville Nikita Gusev Austen Brassard 20 1 2 2
4 Radek Faksa Garret Ross Michael Joly 10 1 2 2
5 vs 5 Defense
Defense Defense Time % Phy DF OF
1 Adam Pelech Madison Bowey 40 1 2 2
2 Jordan Schmaltz Slava Voynov 30 1 2 2
3 Dylan DeMelo Ben Betker 20 1 2 2
4 Slava Voynov Madison Bowey 10 1 2 2
PowerPlay Forward
Center Left Wing Right Wing Time % Phy DF OF
1 Zack Hamill Robbie Earl Miikka Salomaki 60 1 2 2
2 Andreas Athanasiou Tyler Bertuzzi Carter Ashton 40 1 2 2
PowerPlay Defense
Defense Defense Time % Phy DF OF
1 Slava Voynov Adam Pelech 60 1 2 2
2 Jordan Schmaltz Madison Bowey 40 1 2 2
Penalty Kill 4 Players Forward
Center Wing Time % Phy DF OF
1 Zack Hamill Robbie Earl 60 1 2 2
2 Miikka Salomaki Andreas Athanasiou 40 1 2 2
Penalty Kill 4 Players Defense
Defense Defense Time % Phy DF OF
1 Jordan Schmaltz Madison Bowey 60 1 2 2
2 Slava Voynov Adam Pelech 40 1 2 2
Penalty Kill - 3 Players Forward
Forward Time % Phy DF OF
1 Zack Hamill 60 1 2 2
2 Robbie Earl 40 1 2 2
Penalty Kill - 3 Players Defense
Defense Defense Time % Phy DF OF
1 Jordan Schmaltz Madison Bowey 60 1 2 2
2 Slava Voynov Adam Pelech 40 1 2 2
4 vs 4 Forward
Center Wing Time % Phy DF OF
1 Zack Hamill Robbie Earl 60 1 2 2
2 Miikka Salomaki Andreas Athanasiou 40 1 2 2
4 vs 4 Defense
Defense Defense Time % Phy DF OF
1 Slava Voynov Adam Pelech 60 1 2 2
2 Jordan Schmaltz Madison Bowey 40 1 2 2
Last Minutes Offensive
Center Left Wing Right Wing Defense Defense
Zack Hamill Robbie Earl Miikka Salomaki Slava Voynov Adam Pelech
Last Minutes Defensive
Center Left Wing Right Wing Defense Defense
Zack Hamill Robbie Earl Miikka Salomaki Slava Voynov Adam Pelech
Goaltenders
Starting : Louis Domingue
Backup : Daniel Altshuller
Extra Forwards
Normal : Radek Faksa, Tyler Bertuzzi, Nikita Gusev - PP : Radek Faksa, Tyler Bertuzzi - PK : Nikita Gusev
Extra Defensemen
Normal : Dylan DeMelo, Ben Betker, Jordan Schmaltz - PP : Dylan DeMelo - PK : Ben Betker, Jordan Schmaltz
Penalty Shots
Zack Hamill, Robbie Earl, Miikka Salomaki, Andreas Athanasiou, Carter Ashton
Scratches
John Macfarland (Healthy), Daniel Audette (Healthy), Alex Schoenborn (Healthy)
% Time on Ice - Little Stars
Lines # - Real PCT - Wanted PCT - Time Play
Normal Forward
1 - 35% - 40% - 19:03
2 - 29% - 30% - 16:08
3 - 22% - 20% - 12:00
4 - 14% - 10% - 7:42
Normal Defense
1 - 36% - 40% - 19:48
2 - 32% - 30% - 17:20
3 - 26% - 20% - 14:10
4 - 7% - 10% - 3:35
PP Forward
1 - 40% - 60% - 0:48
2 - 60% - 40% - 1:11
PP Defense
1 - 57% - 60% - 1:08
2 - 43% - 40% - 0:51
PK Forward
1 - 79% - 60% - 2:28
2 - 21% - 40% - 0:40
PK Defense
1 - 66% - 60% - 2:04
2 - 34% - 40% - 1:04
PK3 Forward
1 - 0% - 60%
2 - 0% - 40%
PK3 Defense
1 - 0% - 60%
2 - 0% - 40%
44 Forward
1 - 0% - 60%
2 - 0% - 40%
44 Defense
1 - 0% - 60%
2 - 0% - 40%
Last Minute Offensive - 0:00
Last Minute Defensive - 0:00
Total
Forward - 60:00
Defense - 60:00
|
% Time on Ice - Punishers
Lines # - Real PCT - Wanted PCT - Time Play
Normal Forward
1 - 35% - 40% - 19:06
2 - 29% - 30% - 15:40
3 - 22% - 20% - 12:16
4 - 14% - 10% - 7:51
Normal Defense
1 - 40% - 40% - 21:44
2 - 29% - 30% - 16:11
3 - 24% - 20% - 13:14
4 - 7% - 10% - 3:44
PP Forward
1 - 55% - 60% - 1:43
2 - 45% - 40% - 1:25
PP Defense
1 - 64% - 60% - 2:01
2 - 36% - 40% - 1:07
PK Forward
1 - 73% - 60% - 1:27
2 - 27% - 40% - 0:32
PK Defense
1 - 76% - 60% - 1:31
2 - 24% - 40% - 0:28
PK3 Forward
1 - 0% - 60%
2 - 0% - 40%
PK3 Defense
1 - 0% - 60%
2 - 0% - 40%
44 Forward
1 - 0% - 60%
2 - 0% - 40%
44 Defense
1 - 0% - 60%
2 - 0% - 40%
Last Minute Offensive - 0:00
Last Minute Defensive - 0:00
Total
Forward - 60:00
Defense - 60:00
|
Play-by-Play
1st period
0:01 of 1st period - Evgeny Kuznetsov wins face-off versus Zack Hamill in neutral zone.
0:18 of 1st period - Miikka Salomaki is hit by Andrej Sustr and loses puck.
0:34 of 1st period - Wrist shot by Andreas Athanasiou.
0:34 of 1st period - Shot Misses the Net.
0:38 of 1st period - Wrist shot by Robbie Earl.
0:38 of 1st period - Shot Misses the Net.
0:47 of 1st period - Icing by Tyler Wotherspoon.
0:48 of 1st period - John Quenneville wins face-off versus Daniel O'regan in Little Stars zone.
1:01 of 1st period - Slapshot by Andrej Sustr.
1:01 of 1st period - Shot Misses the Net.
1:03 of 1st period - Slapshot by Andrej Sustr.
1:03 of 1st period - Deflect By Jordan Schmaltz.
1:03 of 1st period - Stopped by Louis Domingue with a rebound.
1:22 of 1st period - Slapshot by Slava Voynov.
1:22 of 1st period - Deflect By Jason Dickinson.
1:22 of 1st period - Stopped by Matt Murray without a rebound.
1:23 of 1st period - Zack Hamill wins face-off versus Evgeny Kuznetsov in Little Stars zone.
1:25 of 1st period - Minor Penalty to Jesse Joensuu for High sticking.
1:26 of 1st period - Zack Hamill wins face-off versus Evgeny Kuznetsov in Little Stars zone.
1:30 of 1st period - Wrist shot by Miikka Salomaki.
1:30 of 1st period - Goal by Miikka Salomaki - Little Stars : 0 - Punishers : 1.
1:31 of 1st period - Evgeny Kuznetsov wins face-off versus Zack Hamill in neutral zone.
1:36 of 1st period - Ben Betker is hit by Jesse Joensuu and loses puck.
1:43 of 1st period - Slapshot by Dylan DeMelo.
1:43 of 1st period - Stopped by Matt Murray with a rebound.
1:57 of 1st period - Anton Cederholm is hit by Robbie Earl and loses puck.
2:17 of 1st period - John Quenneville is hit by Anton Cederholm and loses puck.
2:24 of 1st period - Daniel O'regan is hit by Nikita Gusev.
2:41 of 1st period - Slapshot by Emile Poirier.
2:41 of 1st period - Shot Blocked by Adam Pelech.
2:45 of 1st period - Slapshot by Justin Auger.
2:45 of 1st period - Stopped by Louis Domingue with a rebound.
3:46 of 1st period - Wrist shot by Robbie Earl.
3:46 of 1st period - Stopped by Matt Murray without a rebound.
3:47 of 1st period - John Quenneville wins face-off versus Evgeny Kuznetsov in Little Stars zone.
4:00 of 1st period - Slapshot by John Quenneville.
4:00 of 1st period - Stopped by Matt Murray without a rebound.
4:01 of 1st period - Dana Tyrell wins face-off versus Zack Hamill in Little Stars zone.
4:39 of 1st period - Snap shot by Andreas Athanasiou.
4:39 of 1st period - Stopped by Matt Murray without a rebound.
4:40 of 1st period - Zack Hamill wins face-off versus Daniel O'regan in Little Stars zone.
6:14 of 1st period - Snap shot by Daniel O'regan.
6:14 of 1st period - Stopped by Louis Domingue with a rebound.
6:24 of 1st period - Slapshot by Robbie Earl.
6:24 of 1st period - Stopped by Matt Murray without a rebound.
6:25 of 1st period - Evgeny Kuznetsov wins face-off versus Andreas Athanasiou in Little Stars zone.
8:01 of 1st period - Wrist shot by Robbie Earl.
8:01 of 1st period - Stopped by Matt Murray with a rebound.
8:03 of 1st period - Snap shot by Andreas Athanasiou.
8:03 of 1st period - Stopped by Matt Murray without a rebound.
8:04 of 1st period - Dana Tyrell wins face-off versus Zack Hamill in Little Stars zone.
8:56 of 1st period - Slapshot by Nikita Gusev.
8:56 of 1st period - Shot Misses the Net.
8:58 of 1st period - Slapshot by Adam Pelech.
8:58 of 1st period - Deflect By Nikita Gusev.
8:58 of 1st period - Shot Misses the Net.
8:58 of 1st period - Puck is out of play.
8:59 of 1st period - Dana Tyrell wins face-off versus Tyler Bertuzzi in Little Stars zone.
9:34 of 1st period - Slapshot by Jesse Joensuu.
9:34 of 1st period - Stopped by Louis Domingue with a rebound.
9:36 of 1st period - Snap shot by Evgeny Kuznetsov.
9:36 of 1st period - Shot Misses the Net.
9:38 of 1st period - Snap shot by Jesse Joensuu.
9:38 of 1st period - Deflect By Evgeny Kuznetsov.
9:38 of 1st period - Shot Misses the Net.
9:38 of 1st period - Puck is out of play.
9:39 of 1st period - Daniel O'regan wins face-off versus John Quenneville in Punishers zone.
9:40 of 1st period - Wrist shot by Sebastian Wannstrom.
9:40 of 1st period - Deflect By Daniel O'regan.
9:40 of 1st period - Stopped by Louis Domingue with a rebound.
10:27 of 1st period - Backhand shot by Jesse Joensuu.
10:27 of 1st period - Stopped by Louis Domingue with a rebound.
10:29 of 1st period - Snap shot by Zach Budish.
10:29 of 1st period - Stopped by Louis Domingue without a rebound.
10:30 of 1st period - Andreas Athanasiou wins face-off versus Dana Tyrell in Punishers zone.
10:30 of 1st period - Andreas Athanasiou is hit by Patrick Wiercioch.
10:38 of 1st period - Snap shot by Carter Ashton.
10:38 of 1st period - Shot Misses the Net.
11:09 of 1st period - Off-side.
11:10 of 1st period - Evgeny Kuznetsov wins face-off versus Nikita Gusev in neutral zone.
11:12 of 1st period - Off-side.
11:13 of 1st period - John Quenneville wins face-off versus Evgeny Kuznetsov in neutral zone.
11:16 of 1st period - Slapshot by Nikita Gusev.
11:16 of 1st period - Shot Misses the Net.
11:26 of 1st period - Snap shot by Jesse Joensuu.
11:26 of 1st period - Stopped by Louis Domingue without a rebound.
11:27 of 1st period - Evgeny Kuznetsov wins face-off versus Zack Hamill in Punishers zone.
11:30 of 1st period - Slapshot by Evgeny Kuznetsov.
11:30 of 1st period - Shot Misses the Net.
11:52 of 1st period - Madison Bowey is hit by Andrej Sustr and loses puck.
11:59 of 1st period - Snap shot by Robbie Earl.
11:59 of 1st period - Shot Misses the Net.
12:15 of 1st period - Emile Poirier is hit by Garret Ross and loses puck.
12:40 of 1st period - Snap shot by Adam Tambellini.
12:40 of 1st period - Shot Misses the Net.
12:42 of 1st period - Slapshot by Dana Tyrell.
12:42 of 1st period - Stopped by Louis Domingue with a rebound.
13:19 of 1st period - Snap shot by Emile Poirier.
13:19 of 1st period - Stopped by Louis Domingue with a rebound.
13:33 of 1st period - Anton Cederholm is hit by Adam Pelech and loses puck.
14:16 of 1st period - Slapshot by Jesse Joensuu.
14:16 of 1st period - Shot Blocked by Miikka Salomaki.
15:23 of 1st period - Snap shot by Jesse Joensuu.
15:23 of 1st period - Shot Blocked by Tyler Bertuzzi.
15:43 of 1st period - Slapshot by Zach Budish.
15:43 of 1st period - Deflect By Dana Tyrell.
15:43 of 1st period - Stopped by Louis Domingue without a rebound.
15:44 of 1st period - Evgeny Kuznetsov wins face-off versus Andreas Athanasiou in Punishers zone.
17:10 of 1st period - Wrist shot by Sebastian Wannstrom.
17:10 of 1st period - Goal by Sebastian Wannstrom - Little Stars : 1 - Punishers : 1.
17:11 of 1st period - Zack Hamill wins face-off versus Dana Tyrell in neutral zone.
17:36 of 1st period - Dylan DeMelo is hit by Jesse Joensuu and loses puck.
17:59 of 1st period - Nikita Gusev is hit by Daniel O'regan.
18:00 of 1st period - Icing by Nikita Gusev.
18:01 of 1st period - Daniel O'regan wins face-off versus John Quenneville in Punishers zone.
18:02 of 1st period - Snap shot by Michael Mersch.
18:02 of 1st period - Shot Blocked by Madison Bowey.
18:04 of 1st period - Snap shot by Michael Mersch.
18:04 of 1st period - Shot Misses the Net.
18:06 of 1st period - Slapshot by Michael Mersch.
18:06 of 1st period - Stopped by Louis Domingue with a rebound.
18:08 of 1st period - Snap shot by Daniel O'regan.
18:08 of 1st period - Stopped by Louis Domingue with a rebound.
18:10 of 1st period - Wrist shot by Daniel O'regan.
18:10 of 1st period - Stopped by Louis Domingue with a rebound.
18:14 of 1st period - Snap shot by Sebastian Wannstrom.
18:14 of 1st period - Shot Misses the Net.
18:29 of 1st period - Off-side.
18:30 of 1st period - Zack Hamill wins face-off versus Evgeny Kuznetsov in neutral zone.
18:33 of 1st period - Wrist shot by Slava Voynov.
18:33 of 1st period - Stopped by Matt Murray without a rebound.
18:34 of 1st period - Zack Hamill wins face-off versus Evgeny Kuznetsov in Little Stars zone.
18:35 of 1st period - Snap shot by Miikka Salomaki.
18:35 of 1st period - Stopped by Matt Murray without a rebound.
18:36 of 1st period - Jesse Joensuu wins face-off versus Tyler Bertuzzi in Little Stars zone.
18:36 of 1st period - Jesse Joensuu is hit by Slava Voynov.
18:44 of 1st period - Slava Voynov is hit by Scott Kosmachuck and loses puck.
19:06 of 1st period - Wrist shot by Robbie Earl.
19:06 of 1st period - Goal by Robbie Earl - Little Stars : 1 - Punishers : 2.
19:07 of 1st period - Zack Hamill wins face-off versus Evgeny Kuznetsov in neutral zone.
Goals for this period are 1 for Little Stars vs 2 for Punishers.
Shots for this period are 15 for Little Stars vs 12 for Punishers.
2nd period
0:01 of 2nd period - Zack Hamill wins face-off versus Dana Tyrell in neutral zone.
0:25 of 2nd period - Andreas Athanasiou is hit by Jesse Joensuu and loses puck.
0:30 of 2nd period - Wrist shot by Jesse Joensuu.
0:30 of 2nd period - Shot Misses the Net.
1:12 of 2nd period - Icing by Reece Willcox.
1:13 of 2nd period - Zack Hamill wins face-off versus Jason Dickinson in Little Stars zone.
1:20 of 2nd period - Slapshot by Miikka Salomaki.
1:20 of 2nd period - Stopped by Matt Murray without a rebound.
1:21 of 2nd period - Zack Hamill wins face-off versus Dana Tyrell in Little Stars zone.
1:26 of 2nd period - Wrist shot by Zack Hamill.
1:26 of 2nd period - Stopped by Matt Murray with a rebound.
1:28 of 2nd period - Wrist shot by Tyler Bertuzzi.
1:28 of 2nd period - Stopped by Matt Murray with a rebound.
1:30 of 2nd period - Snap shot by Miikka Salomaki.
1:30 of 2nd period - Shot Misses the Net.
1:46 of 2nd period - Snap shot by Robbie Earl.
1:46 of 2nd period - Shot Blocked by Tyler Wotherspoon.
1:48 of 2nd period - Backhand shot by Robbie Earl.
1:48 of 2nd period - Goal by Robbie Earl - Little Stars : 1 - Punishers : 3.
1:49 of 2nd period - Zack Hamill wins face-off versus Scott Kosmachuck in neutral zone.
2:02 of 2nd period - Slapshot by Scott Kosmachuck.
2:02 of 2nd period - Stopped by Louis Domingue without a rebound.
2:03 of 2nd period - Dana Tyrell wins face-off versus Carter Ashton in Punishers zone.
2:12 of 2nd period - Slapshot by Adam Tambellini.
2:12 of 2nd period - Stopped by Louis Domingue with a rebound.
2:35 of 2nd period - Snap shot by Miikka Salomaki.
2:35 of 2nd period - Stopped by Matt Murray without a rebound.
2:36 of 2nd period - Evgeny Kuznetsov wins face-off versus Zack Hamill in Little Stars zone.
3:01 of 2nd period - Jordan Schmaltz is hit by Eric Knodel and loses puck.
3:39 of 2nd period - Minor Penalty to Michael Joly for Holding.
3:40 of 2nd period - Zack Hamill wins face-off versus Evgeny Kuznetsov in Punishers zone.
3:40 of 2nd period - Zack Hamill is hit by Evgeny Kuznetsov.
4:44 of 2nd period - Scott Kosmachuck is hit by Slava Voynov and loses puck.
4:49 of 2nd period - Snap shot by Nikita Gusev.
4:49 of 2nd period - Stopped by Matt Murray with a rebound.
4:51 of 2nd period - Slapshot by Nikita Gusev.
4:51 of 2nd period - Stopped by Matt Murray without a rebound.
4:52 of 2nd period - Dana Tyrell wins face-off versus Zack Hamill in Little Stars zone.
5:03 of 2nd period - Jordan Schmaltz is hit by Zach Budish and loses puck.
5:25 of 2nd period - Miikka Salomaki is hit by Adam Tambellini and loses puck.
5:30 of 2nd period - Wrist shot by Adam Tambellini.
5:30 of 2nd period - Shot Blocked by Jordan Schmaltz.
5:32 of 2nd period - Snap shot by Dana Tyrell.
5:32 of 2nd period - Shot Misses the Net.
5:34 of 2nd period - Slapshot by Andrej Sustr.
5:34 of 2nd period - Stopped by Louis Domingue with a rebound.
5:36 of 2nd period - Slapshot by Andrej Sustr.
5:36 of 2nd period - Stopped by Louis Domingue with a rebound.
5:38 of 2nd period - Slapshot by Andrej Sustr.
5:38 of 2nd period - Stopped by Louis Domingue without a rebound.
5:39 of 2nd period - Penalty to Michael Joly is over, Michael Joly is back on ice.
5:39 of 2nd period - Evgeny Kuznetsov wins face-off versus John Quenneville in Punishers zone.
5:44 of 2nd period - Snap shot by Evgeny Kuznetsov.
5:44 of 2nd period - Stopped by Louis Domingue without a rebound.
5:45 of 2nd period - Evgeny Kuznetsov wins face-off versus John Quenneville in Punishers zone.
5:58 of 2nd period - Andrej Sustr is hit by Austen Brassard and loses puck.
6:38 of 2nd period - Wrist shot by Emile Poirier.
6:38 of 2nd period - Shot Misses the Net.
6:40 of 2nd period - Slapshot by Tyler Wotherspoon.
6:40 of 2nd period - Deflect By Andreas Athanasiou.
6:40 of 2nd period - Stopped by Louis Domingue without a rebound.
6:41 of 2nd period - Evgeny Kuznetsov wins face-off versus Zack Hamill in Punishers zone.
7:34 of 2nd period - Wrist shot by Michael Mersch.
7:34 of 2nd period - Stopped by Louis Domingue with a rebound.
7:36 of 2nd period - Snap shot by Sebastian Wannstrom.
7:36 of 2nd period - Shot Blocked by Slava Voynov.
7:38 of 2nd period - Wrist shot by Michael Mersch.
7:38 of 2nd period - Shot Misses the Net.
7:40 of 2nd period - Snap shot by Eric Knodel.
7:40 of 2nd period - Stopped by Louis Domingue without a rebound.
7:41 of 2nd period - Scott Kosmachuck wins face-off versus Zack Hamill in Punishers zone.
8:19 of 2nd period - Slapshot by Patrick Wiercioch.
8:19 of 2nd period - Stopped by Louis Domingue with a rebound.
9:09 of 2nd period - Jesse Joensuu is hit by Tyler Bertuzzi and loses puck.
9:36 of 2nd period - Snap shot by Robbie Earl.
9:36 of 2nd period - Deflect By Andreas Athanasiou.
9:36 of 2nd period - Shot Misses the Net.
9:36 of 2nd period - Puck is out of play.
9:37 of 2nd period - Zack Hamill wins face-off versus Scott Kosmachuck in Little Stars zone.
10:45 of 2nd period - Wrist shot by Jason Dickinson.
10:45 of 2nd period - Shot Misses the Net.
10:55 of 2nd period - Snap shot by Nikita Gusev.
10:55 of 2nd period - Shot Misses the Net.
12:14 of 2nd period - Slapshot by John Quenneville.
12:14 of 2nd period - Shot Misses the Net.
12:30 of 2nd period - Snap shot by Jason Dickinson.
12:30 of 2nd period - Stopped by Louis Domingue with a rebound.
12:34 of 2nd period - Wrist shot by Tyler Wotherspoon.
12:34 of 2nd period - Stopped by Louis Domingue with a rebound.
12:36 of 2nd period - Snap shot by Jason Dickinson.
12:36 of 2nd period - Stopped by Louis Domingue with a rebound.
12:40 of 2nd period - Wrist shot by Emile Poirier.
12:40 of 2nd period - Deflect By Jason Dickinson.
12:40 of 2nd period - Stopped by Louis Domingue without a rebound.
12:41 of 2nd period - Dana Tyrell wins face-off versus Andreas Athanasiou in Punishers zone.
12:42 of 2nd period - Snap shot by Zach Budish.
12:42 of 2nd period - Stopped by Louis Domingue without a rebound.
12:43 of 2nd period - Andreas Athanasiou wins face-off versus Dana Tyrell in Punishers zone.
12:54 of 2nd period - Snap shot by Robbie Earl.
12:54 of 2nd period - Shot Misses the Net.
13:00 of 2nd period - Carter Ashton is hit by Zach Budish.
13:14 of 2nd period - Wrist shot by Zack Hamill.
13:14 of 2nd period - Shot Misses the Net.
13:16 of 2nd period - Slapshot by Slava Voynov.
13:16 of 2nd period - Stopped by Matt Murray without a rebound.
13:17 of 2nd period - Evgeny Kuznetsov wins face-off versus Zack Hamill in Little Stars zone.
13:19 of 2nd period - Minor Penalty to Scott Kosmachuck for Elbowing.
13:20 of 2nd period - Evgeny Kuznetsov wins face-off versus Zack Hamill in Little Stars zone.
15:19 of 2nd period - Penalty to Scott Kosmachuck is over, Scott Kosmachuck is back on ice.
16:16 of 2nd period - Slava Voynov is hit by Sebastian Wannstrom and loses puck.
16:34 of 2nd period - Dylan DeMelo is hit by Jason Dickinson and loses puck.
17:02 of 2nd period - Zack Hamill is hit by Zach Budish and loses puck.
17:21 of 2nd period - Reece Willcox is hit by Jordan Schmaltz and loses puck.
17:59 of 2nd period - Icing by Evgeny Kuznetsov.
18:00 of 2nd period - John Quenneville wins face-off versus Evgeny Kuznetsov in Little Stars zone.
18:09 of 2nd period - Wrist shot by Scott Kosmachuck.
18:09 of 2nd period - Deflect By Miikka Salomaki.
18:09 of 2nd period - Stopped by Louis Domingue with a rebound.
18:27 of 2nd period - Madison Bowey is hit by Scott Kosmachuck and loses puck.
18:34 of 2nd period - Snap shot by Evgeny Kuznetsov.
18:34 of 2nd period - Shot Blocked by Madison Bowey.
18:36 of 2nd period - Slapshot by Anton Cederholm.
18:36 of 2nd period - Deflect By Evgeny Kuznetsov.
18:36 of 2nd period - Stopped by Louis Domingue without a rebound.
18:37 of 2nd period - Andreas Athanasiou wins face-off versus Dana Tyrell in Punishers zone.
19:25 of 2nd period - Eric Knodel is hit by John Quenneville and loses puck.
19:34 of 2nd period - Slapshot by Adam Pelech.
19:34 of 2nd period - Shot Blocked by Jason Dickinson.
19:36 of 2nd period - Backhand shot by Nikita Gusev.
19:36 of 2nd period - Deflect By Patrick Wiercioch.
19:36 of 2nd period - Shot Blocked by Jason Dickinson.
19:36 of 2nd period - Puck is out of play.
19:37 of 2nd period - Andreas Athanasiou wins face-off versus Dana Tyrell in Little Stars zone.
19:38 of 2nd period - Wrist shot by Robbie Earl.
19:38 of 2nd period - Deflect By Carter Ashton.
19:38 of 2nd period - Shot Misses the Net.
19:38 of 2nd period - Puck is out of play.
19:39 of 2nd period - Dana Tyrell wins face-off versus Andreas Athanasiou in Little Stars zone.
Goals for this period are 0 for Little Stars vs 1 for Punishers.
Shots for this period are 17 for Little Stars vs 8 for Punishers.
3rd period
0:01 of 3rd period - Evgeny Kuznetsov wins face-off versus Zack Hamill in neutral zone.
0:10 of 3rd period - Wrist shot by Evgeny Kuznetsov.
0:10 of 3rd period - Deflect By Scott Kosmachuck.
0:10 of 3rd period - Stopped by Louis Domingue with a rebound.
0:36 of 3rd period - Snap shot by Madison Bowey.
0:36 of 3rd period - Shot Blocked by Andrej Sustr.
0:38 of 3rd period - Slapshot by Adam Pelech.
0:38 of 3rd period - Shot Blocked by Tyler Wotherspoon.
0:54 of 3rd period - Slapshot by Daniel O'regan.
0:54 of 3rd period - Shot Misses the Net.
1:53 of 3rd period - Icing by Ben Betker.
1:54 of 3rd period - Dana Tyrell wins face-off versus Andreas Athanasiou in Punishers zone.
1:57 of 3rd period - Snap shot by Dana Tyrell.
1:57 of 3rd period - Shot Hit the Post.
2:13 of 3rd period - Snap shot by Carter Ashton.
2:13 of 3rd period - Stopped by Matt Murray without a rebound.
2:14 of 3rd period - Evgeny Kuznetsov wins face-off versus Zack Hamill in Little Stars zone.
2:23 of 3rd period - Wrist shot by Miikka Salomaki.
2:23 of 3rd period - Shot Misses the Net.
2:39 of 3rd period - Reece Willcox is hit by Carter Ashton.
2:47 of 3rd period - Snap shot by Carter Ashton.
2:47 of 3rd period - Shot Blocked by Dana Tyrell.
2:49 of 3rd period - Snap shot by Andreas Athanasiou.
2:49 of 3rd period - Stopped by Matt Murray with a rebound.
3:41 of 3rd period - Evgeny Kuznetsov is hit by Madison Bowey.
4:26 of 3rd period - Adam Pelech is hit by Andrej Sustr and loses puck.
4:31 of 3rd period - Snap shot by Daniel O'regan.
4:31 of 3rd period - Goal by Daniel O'regan - Little Stars : 2 - Punishers : 3.
4:32 of 3rd period - Miikka Salomaki wins face-off versus Evgeny Kuznetsov in neutral zone.
4:35 of 3rd period - Andrej Sustr is hit by Zack Hamill and loses puck.
5:19 of 3rd period - Slapshot by Slava Voynov.
5:19 of 3rd period - Stopped by Matt Murray without a rebound.
5:20 of 3rd period - John Quenneville wins face-off versus Daniel O'regan in Little Stars zone.
5:33 of 3rd period - Slapshot by Tyler Wotherspoon.
5:33 of 3rd period - Shot Misses the Net.
5:35 of 3rd period - Snap shot by Michael Mersch.
5:35 of 3rd period - Goal by Michael Mersch - Little Stars : 3 - Punishers : 3.
5:36 of 3rd period - Zack Hamill wins face-off versus Evgeny Kuznetsov in neutral zone.
6:35 of 3rd period - Snap shot by Dana Tyrell.
6:35 of 3rd period - Goal by Dana Tyrell - Little Stars : 4 - Punishers : 3.
6:36 of 3rd period - Zack Hamill wins face-off versus Dana Tyrell in neutral zone.
6:54 of 3rd period - Minor Penalty to Eric Knodel for Holding.
6:55 of 3rd period - Zack Hamill wins face-off versus Evgeny Kuznetsov in Little Stars zone.
6:55 of 3rd period - Snap shot by Miikka Salomaki.
6:55 of 3rd period - Stopped by Matt Murray with a rebound.
6:57 of 3rd period - Slapshot by Adam Pelech.
6:57 of 3rd period - Stopped by Matt Murray without a rebound.
6:58 of 3rd period - Robbie Earl wins face-off versus Evgeny Kuznetsov in Little Stars zone.
6:59 of 3rd period - Wrist shot by Zack Hamill.
6:59 of 3rd period - Stopped by Matt Murray without a rebound.
7:00 of 3rd period - Zack Hamill wins face-off versus Evgeny Kuznetsov in Little Stars zone.
7:44 of 3rd period - Off-side.
7:45 of 3rd period - Evgeny Kuznetsov wins face-off versus Zack Hamill in neutral zone.
7:58 of 3rd period - Wrist shot by Tyler Bertuzzi.
7:58 of 3rd period - Deflect By Carter Ashton.
7:58 of 3rd period - Goal by Carter Ashton - Little Stars : 4 - Punishers : 4.
7:59 of 3rd period - Zack Hamill wins face-off versus Evgeny Kuznetsov in neutral zone.
8:25 of 3rd period - Andrej Sustr is hit by Adam Pelech and loses puck.
9:15 of 3rd period - Wrist shot by Eric Knodel.
9:15 of 3rd period - Goal by Eric Knodel - Little Stars : 5 - Punishers : 4.
9:16 of 3rd period - Evgeny Kuznetsov wins face-off versus Zack Hamill in neutral zone.
10:15 of 3rd period - Snap shot by John Quenneville.
10:15 of 3rd period - Shot Blocked by Michael Mersch.
10:33 of 3rd period - Snap shot by Garret Ross.
10:33 of 3rd period - Deflect By Radek Faksa.
10:33 of 3rd period - Shot Misses the Net.
10:33 of 3rd period - Puck is out of play.
10:34 of 3rd period - Zack Hamill wins face-off versus Evgeny Kuznetsov in Little Stars zone.
11:04 of 3rd period - Snap shot by Adam Pelech.
11:04 of 3rd period - Stopped by Matt Murray with a rebound.
11:06 of 3rd period - Wrist shot by Andreas Athanasiou.
11:06 of 3rd period - Stopped by Matt Murray without a rebound.
11:07 of 3rd period - Dana Tyrell wins face-off versus Andreas Athanasiou in Little Stars zone.
11:07 of 3rd period - Dana Tyrell is hit by Madison Bowey.
11:26 of 3rd period - Off-side.
11:27 of 3rd period - Zack Hamill wins face-off versus Evgeny Kuznetsov in neutral zone.
11:36 of 3rd period - Slapshot by Patrick Wiercioch.
11:36 of 3rd period - Shot Blocked by Zack Hamill.
11:58 of 3rd period - Zach Budish is hit by Robbie Earl and loses puck.
12:21 of 3rd period - Slapshot by Patrick Wiercioch.
12:21 of 3rd period - Shot Misses the Net.
12:35 of 3rd period - Daniel O'regan is hit by Madison Bowey and loses puck.
12:46 of 3rd period - Snap shot by Garret Ross.
12:46 of 3rd period - Stopped by Matt Murray with a rebound.
12:48 of 3rd period - Snap shot by Radek Faksa.
12:48 of 3rd period - Goal by Radek Faksa - Little Stars : 5 - Punishers : 5.
12:49 of 3rd period - Evgeny Kuznetsov wins face-off versus Zack Hamill in neutral zone.
12:54 of 3rd period - Jesse Joensuu is hit by Tyler Bertuzzi.
14:28 of 3rd period - Snap shot by Jesse Joensuu.
14:28 of 3rd period - Stopped by Louis Domingue with a rebound.
14:30 of 3rd period - Wrist shot by Jesse Joensuu.
14:30 of 3rd period - Stopped by Louis Domingue with a rebound.
14:52 of 3rd period - Snap shot by Dana Tyrell.
14:52 of 3rd period - Stopped by Louis Domingue with a rebound.
15:06 of 3rd period - Andreas Athanasiou is hit by Andrej Sustr and loses puck.
15:13 of 3rd period - Slapshot by Tyler Wotherspoon.
15:13 of 3rd period - Shot Blocked by Carter Ashton.
15:35 of 3rd period - Anton Cederholm is hit by Slava Voynov and loses puck.
15:50 of 3rd period - Michael Joly is hit by Eric Knodel and loses puck.
16:19 of 3rd period - Andreas Athanasiou is hit by Zach Budish and loses puck.
16:57 of 3rd period - Snap shot by Michael Mersch.
16:57 of 3rd period - Goal by Michael Mersch - Little Stars : 6 - Punishers : 5.
16:58 of 3rd period - Evgeny Kuznetsov wins face-off versus Zack Hamill in neutral zone.
17:01 of 3rd period - Snap shot by Andrej Sustr.
17:01 of 3rd period - Deflect By Jesse Joensuu.
17:01 of 3rd period - Shot Misses the Net.
17:01 of 3rd period - Puck is out of play.
17:02 of 3rd period - Evgeny Kuznetsov wins face-off versus Zack Hamill in Punishers zone.
17:05 of 3rd period - Wrist shot by Jesse Joensuu.
17:05 of 3rd period - Stopped by Louis Domingue without a rebound.
17:06 of 3rd period - Evgeny Kuznetsov wins face-off versus Zack Hamill in Punishers zone.
17:21 of 3rd period - Slapshot by Scott Kosmachuck.
17:21 of 3rd period - Goal by Scott Kosmachuck - Little Stars : 7 - Punishers : 5.
17:22 of 3rd period - Zack Hamill wins face-off versus Evgeny Kuznetsov in neutral zone.
17:29 of 3rd period - Icing by Andrej Sustr.
17:30 of 3rd period - Zack Hamill wins face-off versus Evgeny Kuznetsov in Little Stars zone.
18:25 of 3rd period - John Quenneville is hit by Adam Tambellini and loses puck.
19:00 of 3rd period - Snap shot by Miikka Salomaki.
19:00 of 3rd period - Deflect By Zack Hamill.
19:00 of 3rd period - Shot Misses the Net.
19:00 of 3rd period - Puck is out of play.
19:01 of 3rd period - Daniel O'regan wins face-off versus Zack Hamill in Little Stars zone.
19:26 of 3rd period - Slava Voynov is hit by Anton Cederholm and loses puck.
Goals for this period are 6 for Little Stars vs 2 for Punishers.
Shots for this period are 11 for Little Stars vs 11 for Punishers.
Back to the Top